 Dungeon Crawl Stone Soup version 0.26.0-10-g1f06aea511 (webtiles) character file.

Game seed: 6778888622065277161

897 gruber the Tainter (level 8, 0/54 HPs)
             Began as an Octopode Venom Mage on Jan 15, 2021.
             Slain by a centaur warrior skeleton (1 damage)
             ... on level 5 of the Dungeon.
             The game lasted 00:07:05 (6534 turns).

gruber the Tainter (Octopode Venom Mage)            Turns: 6534, Time: 00:07:05

Health: 0/54       AC:  1    Str:  7    XL:     8   Next: 7%
Magic:  2/12       EV: 14    Int: 20    God:
Gold:   233        SH:  5    Dex: 12    Spells: 2/13 levels left

rFire    . . .     SeeInvis .   l - +0 rapier
rCold    . . .     Faith    .   (no shield)
rNeg     . . .     Spirit   .   (helmet restricted)
rPois    .         Reflect  +   n - amulet of reflection
rElec    .         Harm     .   (no ring)
rCorr    .         Rampage  .   (no ring)
Will     .....                  (no ring)
Stlth    +++.......             (no ring)
HPRegen  0.18/turn              (no ring)
MPRegen  0.13/turn              (no ring)
                                (no ring)
                                (no ring)

@: very slightly contaminated
A: almost no armour, stealthy swim, amphibious, 8 rings, constrict 8, camouflage
1, gelatinous body 1
a: no special abilities


You were on level 5 of the Dungeon.
You visited 1 branch of the dungeon, and saw 5 of its levels.

You collected 233 gold pieces.

Inventory:

Hand Weapons
 l - a +0 rapier (weapon)
Jewellery
 n - an amulet of reflection (around mantle)
Wands
 h - a wand of random effects (11)
 p - a wand of flame (28)
Scrolls
 b - 2 scrolls of remove curse {unknown}
 g - 3 scrolls of noise {unknown}
 i - 2 scrolls of teleportation {unknown}
 j - a scroll of identify {unknown}
 q - a scroll of amnesia {unknown}
Potions
 a - 3 potions of brilliance
 c - a potion of haste {unknown}
 d - 2 potions of heal wounds
 e - 3 potions of curing {unknown}
 f - a potion of cancellation {unknown}
 k - a potion of flight {unknown}
 m - a potion of resistance {unknown}
 o - a potion of mutation {unknown}


   Skills:
 - Level 4.4 Fighting
 * Level 2.6 Dodging
 - Level 2.6 Stealth
 - Level 0.1 Shields
 - Level 3.0 Spellcasting
 - Level 1.0 Transmutations
 - Level 9.0 Poison Magic
 - Level 0.1 Evocations


You had 2 spell levels left.
You knew the following spells:

 Your Spells              Type           Power        Failure   Level
a - Sting                 Tmut/Pois      92%          1%          1
b - Olgreb's Toxic Radia  Pois           39%          3%          4
c - Mephitic Cloud        Conj/Pois/Air  15%          12%         3
d - Ignite Poison         Fire/Tmut/Pois 16%          11%         3

Your spell library contained the following spells:

 Spells                   Type           Power        Failure   Level
 Poisonous Vapours        Pois/Air       42%          3%          2
 Confusing Touch          Hex            3%           38%         3
 Gell's Gravitas          Tloc           1%           38%         3
 Petrify                  Tmut/Erth      5%           75%         4
 Yara's Violent Unravell  Hex/Tmut       2%           97%         5
 Metabolic Englaciation   Hex/Ice        1%           98%         5


Dungeon Overview and Level Annotations

Branches:
Dungeon (5/15)
 Temple: D:4-7

Altars:
Ashenzari
Dithmenos
Nemelex Xobeh
Qazlal
Sif Muna
Trog
Yredelemnul
The Shining One

Shops:
D:5 :

Portals:
Abyss: D:3

Annotations:
D:3 2 transporters, ubloh's ghost, amateur DDFi


Innate Abilities, Weirdness & Mutations

You cannot wear most types of armour.
You are very stealthy in the water. (Stealth+)
You are amphibious.
You can wear up to eight rings at the same time.
You can use your tentacles to constrict eight enemies at once.
Your skin changes colour to match your surroundings (Stealth+).
Your rubbery body absorbs attacks. (AC +1, EV +1)


Message History

Aiming: Random Effects
Press: ? - help, Shift-Dir - straight line, f/p - centaur warrior skeleton
Aim: a centaur warrior skeleton (noxious fumes, heavily damaged)
The centaur warrior skeleton seems to speed up.
You block the centaur warrior skeleton's attack.
The centaur warrior skeleton barely misses you.
Unknown command.
Unknown command.
Evoke which item? (* to show all) (? for menu, Esc to quit)
Aiming: Random Effects
Press: ? - help, Shift-Dir - straight line, f/p - centaur warrior skeleton
Aim: a centaur warrior skeleton (noxious fumes, heavily damaged, fast)
The mass of ice explodes!
The iceblast engulfs the centaur warrior skeleton!
The centaur warrior skeleton partially resists.
The centaur warrior skeleton is heavily damaged.
The iceblast engulfs you!
* * * LOW HITPOINT WARNING * * *
The centaur warrior skeleton hits you.
You die...

#..?.........#....#.#
#....................
#.............######.
#######........ ..#....
.............### #.#.##.
..............<# #.#.###
........○....#.# #.#.#..
#######Z.....#.###.#.#.#
#@....##.........#
#.....######.#.###
#...∩.# #...# #.....#
##### #.....# #.....#
#######


You could see a centaur warrior skeleton (fast).

Vanquished Creatures
  Eustachio (D:4)
  A sky beast (D:5)
  An ogre (D:5)
  A water moccasin zombie (D:5)
  A scorpion (D:4)
  A howler monkey (D:4)
  4 orc priests
  An iguana (D:5)
  Jessica (D:3)
  2 orc wizards (D:4)
  3 worker ants
  6 adders
  3 dart slugs
  2 leopard geckos
  9 orcs
  9 bats
  6 giant cockroaches
  6 goblins
  9 hobgoblins
  9 jackals
  A quokka (D:3)
  2 ball pythons
  4 frilled lizards
  6 kobolds
  6 rats
95 creatures vanquished.

Vanquished Creatures (others)
  An orc priest (D:4)
  An orc wizard (D:4)
  An adder skeleton (D:4)
  3 orcs (D:4)
6 creatures vanquished.

Grand Total: 101 creatures vanquished

Notes
Turn   | Place    | Note
-------+----------+-------------------------------------------
     0 | D:1      | gruber the Octopode Venom Mage began the quest for the Orb.
     0 | D:1      | Reached XP level 1. HP: 11/11 MP: 3/3
   209 | D:1      | Reached skill level 4 in Poison Magic
   261 | D:1      | Reached XP level 2. HP: 17/17 MP: 1/5
  1136 | D:1      | Reached XP level 3. HP: 21/21 MP: 4/6
  1167 | D:1      | Reached skill level 5 in Poison Magic
  1783 | D:2      | Found a faded altar of an unknown god.
  2660 | D:3      | Reached XP level 4. HP: 22/27 MP: 2/8
  2977 | D:3      | Found a shadowy altar of Dithmenos.
  3032 | D:3      | Learned a level 4 spell: Olgreb's Toxic Radiance
  3398 | D:3      | Found a broken altar of Ashenzari.
  3398 | D:3      | Found a glowing golden altar of the Shining One.
  3403 | D:3      | Found a sparkling altar of Nemelex Xobeh.
  3405 | D:3      | Found a stormy altar of Qazlal.
  3407 | D:3      | Found a bloodstained altar of Trog.
  3495 | D:3      | Reached XP level 5. HP: 31/31 MP: 4/9
  3500 | D:3      | Reached skill level 6 in Poison Magic
  3678 | D:3      | Found a one-way gate to the infinite horrors of the Abyss.
  3678 | D:3      | Noticed ubloh's ghost (amateur DDFi)
  3680 | D:3      | Noticed a small abomination
  3738 | D:3      | Identified the +6 rapier "Odegunat" {distort, rN+ Dex+3}
  3738 | D:3      | Noticed a big kobold
  3793 | D:3      | Noticed Jessica
  3796 | D:3      | Killed Jessica
  3929 | D:3      | Found a transporter.
  3945 | D:3      | Found a transporter.
  4363 | D:4      | Reached skill level 7 in Poison Magic
  4363 | D:4      | Reached XP level 6. HP: 20/36 MP: 1/10
  4517 | D:4      | Found a shimmering blue altar of Sif Muna.
  4817 | D:4      | Noticed Eustachio
  4843 | D:4      | Reached skill level 8 in Poison Magic
  5282 | D:4      | Killed Eustachio
  5283 | D:4      | Reached skill level 9 in Poison Magic
  5283 | D:4      | Reached XP level 7. HP: 41/41 MP: 3/11
  5397 | D:4      | Reached skill level 1 in Fighting
  5588 | D:4      | Found a basalt altar of Yredelemnul.
  5853 | D:5      | Entered Level 5 of the Dungeon
  6311 | D:5      | Learned a level 3 spell: Mephitic Cloud
  6315 | D:5      | Learned a level 3 spell: Ignite Poison
  6371 | D:5      | Reached XP level 8. HP: 45/54 MP: 0/12
  6497 | D:5      | Found Deafimuwk's Book Emporium.
  6534 | D:5      | HP: 1/54 [shot self (11)]
  6534 | D:5      | Slain by a centaur warrior skeleton

Illustrated notes

Levels and vault maps discovered:
D:1:      co_arrival_square_in_a_square_in_a_square, layout_basic
D:2:      layout_loops_corners, chequers_ecumenical_altar_island, nrook_campfire
D:3:      layout_loops_cross, overflow_temple_1_default,
          chequers_temple_overflow_minitemple, gammafunk_ghost_abyssal_escape,
          st_stairs_7, uniq_jessica
D:4:      layout_loops_cross, kennysheep_mini_moat, lemuel_doored_altar,
          lemuel_old_faithful, uniq_eustachio
D:5:      layout_basic, serial_shops, shop

Skill      XL: |  1  2  3  4  5  6  7 |
---------------+----------------------+-----
Poison Magic   | 4 5 7 9 |  9.0
Spellcasting   | 3 |  3.0
Fighting       | 4 |  4.4
Dodging        | |  2.6
Stealth        | |  2.6
Shields        | |  0.1
Transmutations | |  1.0
Evocations     | |  0.1

Action                   |  1- 3 |  4- 6 |  7- 9 || total
-------------------------+-------+-------+-------++-------
Melee: Unarmed           |    30 |    76 |       ||   106
       Constrict         |    12 |    25 |     5 ||    42
       Tentacles         |     9 |    18 |     5 ||    32
       Rapier            |       |       |    30 ||    30
 Cast: Sting             |    62 |    21 |       ||    83
       Olgreb's Toxic Ra |       |    17 |    13 ||    30
       Mephitic Cloud    |       |       |     4 ||     4
Evoke: Wand              |       |     5 |     3 ||     8
  Use: Potion            |       |     2 |       ||     2
 Stab: Sleeping          |     2 |     4 |       ||     6
Armor: Skin              |     9 |     9 |     3 ||    21
Dodge: Dodged            |    31 |    80 |    14 ||   125
Block: Other             |       |       |     7 ||     7
